 Dungeon Crawl Stone Soup version 0.31-a0-358-gac0dbeb3ab (webtiles) character file.

Game seed: 12673101736217313234

12238 randomguy2701 the Fighter (level 11, -23/101 HPs)
             Began as a Hill Orc Monk on July 25, 2023.
             Was a High Priest of Beogh.
             Annihilated by an orc warlord
             ... wielding a +1 great sword of electrocution
              (49 damage)
             ... on level 2 of the Orcish Mines.
             The game lasted 00:30:44 (12614 turns).

randomguy2701 the Fighter (Hill Orc Monk)          Turns: 12614, Time: 00:30:46

Health: -23/101    AC: 17    Str: 19    XL:     11   Next: 90%
Magic:  18/18      EV:  8    Int: 10    God:    Beogh [*****.]
Gold:   718        SH:  0    Dex: 13    Spells: 10/10 levels left

rFire   . . .        A - +7 Throatcutter {drain, coup de grace}
rCold   . . .        d - orb {light}
rNeg    . . .        s - +0 plate armour
rPois   .            F - +0 helmet
rElec   .            (no cloak)
rCorr   .            (no gloves)
SInv    .            G - +0 pair of boots
Will    .....        p - amulet of regeneration Stlth
                     m - ring of flight
HPRegen 1.16/turn    (no ring)
MPRegen 0.16/turn

%: no passive effects
@: confused, ambrosia-drunk, flying, glowing, recalling
A: walk on water
a: Renounce Religion, Smiting, Stop Recall, Give Item to Named Follower


You were on level 2 of the Orcish Mines.
You worshipped Beogh.
Beogh was extremely pleased with you.
You visited 2 branches of the dungeon, and saw 13 of its levels.

You collected 744 gold pieces.
You spent 26 gold pieces at shops.

Inventory:

Hand Weapons
 a - a +0 hand axe
 A - the +7 Throatcutter (weapon) {drain, coup de grace}
   (You found it on level 4 of the Dungeon)
 P - a +5 trident of freezing
 Q - a +2 battleaxe of freezing
 R - the +7 dagger of Limeyc {drain, Contam rN+++ Str+9 Stlth-}
   (You found it on level 10 of the Dungeon)

   Str:       It affects your strength (+9).
   rN:        It renders you almost immune to negative energy.
   Contam:    It causes magical contamination when unequipped.
   Stlth:     It makes you less stealthy.
Armour
 d - an orb of light (worn)
 s - a +0 plate armour (worn)
 F - a +0 helmet (worn)
 G - a +0 pair of boots (worn)
Jewellery
 m - a ring of flight (left hand)
 n - an amulet of guardian spirit
 p - an amulet of regeneration (around neck)
Wands
 b - a wand of roots (23)
 q - a wand of charming (7)
 y - a wand of light (14)
 L - a wand of flame (19)
Scrolls
 e - 5 scrolls of fog
 g - 3 scrolls of enchant weapon
 k - 2 scrolls of immolation {unknown}
 l - a scroll of fear {unknown}
 o - a scroll of noise {unknown}
 r - 2 scrolls of torment {unknown}
 u - a scroll of revelation
 x - 2 scrolls of summoning {unknown}
 z - 2 scrolls of teleportation {unknown}
 B - 4 scrolls of enchant armour {unknown}
 C - a scroll of silence {unknown}
 E - a scroll of amnesia {unknown}
 H - 3 scrolls of brand weapon {unknown}
 I - 2 scrolls of blinking {unknown}
 K - a scroll of poison {unknown}
 M - 2 scrolls of acquirement {unknown}
 O - 2 scrolls of identify
Potions
 c - 2 potions of ambrosia
 f - 4 potions of curing {unknown}
 h - 2 potions of might {unknown}
 i - 3 potions of lignification
 j - 3 potions of heal wounds {unknown}
 t - 4 potions of enlightenment {unknown}
 v - 2 potions of mutation {unknown}
 w - 4 potions of haste
 D - 2 potions of brilliance {unknown}
 J - a potion of degeneration {unknown}
 N - 2 potions of attraction {unknown}


   Skills:
 + Level 10.8 Fighting
 * Level 10.7 Long Blades
 - Level 6.4 Axes
 * Level 10.7 Armour
 - Level 4.0 Dodging
 + Level 9.7 Invocations


You had 10 spell levels left.
You didn't know any spells.
Your spell library contained the following spells:

 Spells                   Type           Power      Damage    Failure   Level
 Blink                    Tloc           0%         N/A       100%        2
 Lesser Beckoning         Tloc           0%         N/A       100%        2
 Momentum Strike          Conj/Tloc      0%         3d8       100%        2
 Wereblood                Tmut           0%         N/A       100%        2
 Irradiate                Conj/Tmut      0%         3d11      100%        5


Dungeon Overview and Level Annotations

Branches:
Dungeon (11/15)            Temple (0/1) D:6            Lair (0/5) D:8
    Orc (2/2) D:11
    Elf: Orc:2

Altars:
Qazlal
Ru
Uskayaw

Shops:
D:4 *   D:5 [   D:7 :   Orc:2 [?:[

Annotations:
Orc:1 Urug


Message History

The orc high priest shouts!
The orc wizard shouts!
You hear a shout! x4
Found eight rat skeletons and two yak skeletons.
Found four shops.
Unknown command.
Unknown command.
Unknown command.
You begin recalling your allies.
Your orc knight is recalled.
Your orc warrior is recalled.
Your orc wizard is recalled.
The warg closely misses you.
The orc warlord roars a battlecry!
The orcs go into a battle-frenzy!
The orc hits you but does no damage. The orc barely misses your orc knight.
An arrow appears from out of your range of vision.
The arrow completely misses your orc priest.
The orc sorcerer casts a spell at you.
Your orc knight suddenly stops moving!
An orc warrior comes into view. It is wielding a +0 battleaxe.
The orc high priest mumbles some strange prayers to Beogh.
The orc sorcerer hits you with a +0 dagger!
* * * LOW HITPOINT WARNING * * *
An orc warrior comes into view. It is wielding a +0 hand axe.
The orc sorcerer gestures wildly while chanting.
The orc knight roars a battlecry!
The orcs go into a battle-frenzy!
Unknown command.
You are confused.
You feel invigorated.
Your orc priest is recalled. x2
The warg bites you but does no damage. The orc closely misses you.
The orc hits your orc knight but does no damage.
Your orc warrior hits the orc knight with a +2 broad axe of venom!
The orc knight looks as sick as possible!
Your orc warrior closely misses the orc sorcerer.
Your orc warrior hits the soul eater but does no damage.
Your orc warrior hits the orc sorcerer with a +2 broad axe of venom.
The orc sorcerer is poisoned.
The orc warlord hits you with a +1 great sword of electrocution!!!
You die...
Beogh appreciates the orc warlord's killing of a heretic priest.

#####
##....÷
##∩..o...
##o.4o.o.o
#∩.oo3o..÷


#ohooo.§.o #@oo.o..÷ ##oo÷...÷ ##o.o.o ##.. # You could see an orc warlord
(strong, ally target), 3 orc knights, a soul eater (summoned), 3 orc high
priests, an ice devil (summoned), a warg, 3 orc sorcerers, 2 orc warriors, 2 orc
wizards, an orc (strong, ally target), a friendly orc knight (paralysed), a
friendly orc warrior, 3 friendly orc priests and a friendly orc wizard.

Vanquished Creatures
  Nergalle (D:10)
  Joseph (D:7)
  2 gargoyles
  2 kobold demonologists (D:10)
  A komodo dragon (D:10)
  3 trolls
  4 polar bears (D:10)
  Prince Ribbit (D:5)
  2 centaur simulacra (D:10)
  Sigmund (D:4)
  A wraith (D:7)
  7 yaks
  2 wyverns
  A basilisk (D:8)
  Menkaure (D:4)
  4 vampire mosquitoes (D:11)
  3 water moccasins
  3 ice beasts
  An orc warrior (D:7)
  A black bear (D:5)
  A sky beast (D:7)
  2 ogres
  A wolf (D:10)
  4 centaurs
  4 phantoms
  4 kobold brigands
  3 bullfrogs (D:8)
  3 scorpions
  6 wights
  10 killer bees
  3 howler monkeys
  4 hounds
  A gnoll bouda (D:10)
  2 orc priests
  4 jellies
  3 sleepcaps
  Crazy Yiuf (D:4)
  4 iguanas (D:5)
  5 orc wizards
  2 ogre zombies (D:11)
  6 gnolls
  12 adders
  A shadow imp (D:6)
  2 white imps (D:10)
  2 ufetubi (D:5)
  3 worms
  2 dart slugs
  13 orcs
  7 endoplasms
  5 giant cockroaches
  8 goblins
  4 hobgoblins
  2 jackals (D:4)
  30 kobolds
  A quokka (D:2)
  2 ball pythons
  6 bats
  7 frilled lizards
  A goblin skeleton (D:11)
  A goblin zombie (D:6)
  A hobgoblin skeleton (D:11)
  A hobgoblin zombie (D:11)
  An orc skeleton (D:11)
  6 orc zombies (D:11)
  A quokka zombie (D:6)
  8 rats
242 creatures vanquished.

Vanquished Creatures (collateral kills)
  A two-headed ogre (D:8)
  A troll (D:9)
  2 wyverns (D:8)
  A basilisk (D:8)
  A yak (D:8)
  Grum (D:8)
  A steam dragon (D:8)
  A warg (Orc:1)
  2 orc warriors
  An ogre (Orc:1)
  3 wolves (D:8)
  2 centaurs
  A phantom (D:11)
  2 wights
  3 killer bees
  A hound (D:6)
  An iguana (D:8)
  2 orc wizards
  6 ogre zombies (D:11)
  A white imp (D:7)
  6 orcs
  A kobold (D:6)
  3 goblin zombies (D:11)
  A hobgoblin skeleton (D:11)
  A hobgoblin zombie (D:11)
  An orc skeleton (D:11)
  8 orc zombies (D:11)
55 creatures vanquished.

Vanquished Creatures (others)
  3 orc warriors
  An orc priest (Orc:1)
  An orc wizard (D:7)
  31 orcs
  A kobold (D:10)
37 creatures vanquished.

Grand Total: 334 creatures vanquished

Notes
Turn   | Place    | Note
-------+----------+-------------------------------------------
     0 | D:1      | randomguy2701 the Hill Orc Monk began the quest for the
                  | Orb.
     0 | D:1      | Reached XP level 1. HP: 19/19 MP: 1/1
   173 | D:1      | Found a faded altar of an unknown god.
   242 | D:1      | Reached XP level 2. HP: 26/27 MP: 2/2
   932 | D:2      | Reached XP level 3. HP: 33/33 MP: 3/3
  1977 | D:3      | Became a worshipper of Beogh the Brigand
  1977 | D:3      | Reached * piety under Beogh
  1977 | D:3      | Reached ** piety under Beogh
  1999 | D:3      | Reached XP level 4. HP: 41/41 MP: 4/4
  2026 | D:3      | Reached skill level 5 in Axes
  2506 | D:4      | Reached XP level 5. HP: 34/47 MP: 5/5
  2507 | D:4      | Reached skill level 5 in Fighting
  2538 | D:4      | Noticed Sigmund
  2562 | D:5      | Entered Level 5 of the Dungeon
  2576 | D:5      | Noticed a black bear
  2609 | D:4      | Reached XP level 6. HP: 43/56 MP: 6/6
  2667 | D:4      | Found Sonen's Assorted Antiques.
  2675 | D:4      | Bought a scroll labelled WYLLUU FUWN for 26 gold pieces
  2828 | D:4      | Found the +7 Throatcutter {drain, coup de grace}
  3183 | D:4      | Noticed Menkaure
  3239 | D:4      | Killed Menkaure
  3240 | D:4      | Reached skill level 1 in Long Blades
  3240 | D:4      | Reached skill level 1 in Armour
  3240 | D:4      | Reached skill level 1 in Invocations
  3240 | D:4      | Reached XP level 7. HP: 18/63 MP: 6/8
  3338 | D:4      | Killed Sigmund
  3566 | D:4      | Found a runed translucent door.
  3567 | D:4      | Noticed Crazy Yiuf
  3637 | D:5      | Noticed Prince Ribbit
  3667 | D:5      | Killed Prince Ribbit
  3668 | D:5      | Reached XP level 8. HP: 66/73 MP: 8/10
  3783 | D:5      | Found a hide-covered altar of Uskayaw.
  3793 | D:5      | Found a sacrificial altar of Ru.
  3898 | D:5      | Reached *** piety under Beogh
  4117 | D:5      | Found Dayddy's Antique Armour Shop.
  4936 | D:6      | Reached skill level 5 in Invocations
  5264 | D:6      | Reached XP level 9. HP: 78/81 MP: 13/13
  5289 | D:6      | Found a staircase to the Ecumenical Temple.
  5343 | D:6      | Reached skill level 5 in Armour
  5444 | D:6      | Reached skill level 5 in Long Blades
  5891 | D:4      | Killed Crazy Yiuf
  6105 | D:7      | Reached **** piety under Beogh
  6108 | D:7      | Found Xaafuner's Book Emporium.
  6276 | D:7      | Noticed Joseph
  6288 | D:7      | Killed Joseph
  7511 | D:8      | Noticed Grum
  7522 | D:8      | Killed Grum
  7523 | D:8      | Reached XP level 10. HP: 76/91 MP: 15/15
  7591 | D:8      | Found a staircase to the Lair.
  7795 | D:8      | Gained Bogwald as an ally
  8167 | D:8      | Noticed a two-headed ogre
  8173 | D:8      | Killed a two-headed ogre
  8839 | D:9      | Reached ***** piety under Beogh
  8840 | D:9      | Your ally Bogwald died
  8894 | D:9      | Found a stormy altar of Qazlal.
  9356 | D:10     | Entered Level 10 of the Dungeon
  9360 | D:10     | Reached XP level 11. HP: 83/99 MP: 17/17
  9379 | D:10     | Identified the +7 dagger of Limeyc {drain, Contam rN+++
                  | Str+9 Stlth-}
  9433 | D:10     | Reached skill level 10 in Fighting
  9452 | D:10     | Noticed Nergalle
  9464 | D:10     | Killed Nergalle
  9653 | D:10     | Reached skill level 10 in Armour
  9663 | D:10     | Reached skill level 10 in Long Blades
 11358 | D:11     | Found a staircase to the Orcish Mines.
 12340 | Orc:1    | Entered Level 1 of the Orcish Mines
 12345 | Orc:1    | Noticed an orc knight
 12608 | Orc:1    | Noticed an orc warlord
 12608 | Orc:1    | Noticed an orc knight
 12608 | Orc:1    | Noticed an orc warlord
 12608 | Orc:1    | Noticed an orc sorcerer
 12608 | Orc:1    | Noticed an orc knight
 12608 | Orc:1    | Noticed Urug
 12608 | Orc:1    | Noticed an orc knight
 12612 | Orc:2    | Entered Level 2 of the Orcish Mines
 12612 | Orc:2    | Noticed an orc knight
 12612 | Orc:2    | Noticed an orc knight
 12612 | Orc:2    | Noticed an orc high priest
 12612 | Orc:2    | Noticed an orc high priest
 12612 | Orc:2    | Noticed an orc knight
 12612 | Orc:2    | Noticed an orc sorcerer
 12612 | Orc:2    | Noticed an orc sorcerer
 12612 | Orc:2    | Noticed an orc sorcerer
 12612 | Orc:2    | Noticed an orc high priest
 12612 | Orc:2    | Found Toveas's Antique Armour Shoppe.
 12612 | Orc:2    | Found Iggampuv's Magic Scroll Shoppe.
 12612 | Orc:2    | Found Utheec's Armour Shop.
 12612 | Orc:2    | Found Pinwailu's Book Shop.
 12614 | Orc:2    | Noticed a soul eater
 12614 | Orc:2    | Annihilated by an orc warlord

Illustrated notes

Levels and vault maps discovered:
D:1:      dpeg_arrival_signposts, layout_loops_ring,
          hellmonk_ecumenical_altar_lost_god, minmay_pentomino_q2
D:2:      cheibrodos_old_hovel, layout_basic
D:3:      layout_rooms
D:4:      layout_gridville, serial_shops, nicolae_shop_hallway_stairs,
          uniq_sigmund, uniq_menkaure, uniq_crazy_yiuf_cottage
D:5:      layout_rooms, nicolae_overflow_squiral, cheibrodos_sewer_entry_drain,
          serial_shops, nicolae_square_shop, uniq_prince_ribbit1
D:6:      layout_loops_corners, minmay_temple_entry_fiery, enter_ossuary_4
D:7:      layout_loops_corners, serial_shops, nicolae_book_shop_shelving,
          uniq_joseph
D:8:      layout_cave_pods, minmay_lair_entry_grove, uniq_grum
D:9:      layout_irregular_city, overflow_temple_1_default
D:10:     layout_roguey [special_room_orc], serial_ice, serial_ice_g,
          serial_ice_d, serial_ice_o, serial_ice_f, kennysheep_flooded_box,
          uniq_nergalle
D:11:     layout_irregular_city, zombieorc2_lemuel
Orc:1:    layout_diamond_mine, minmay_orc_treasury, uniq_urug
Orc:2:    grunt_orc_tribal_feast, layout_caves, minmay_orc_temple_b

Skill      XL: |  1  2  3  4  5  6  7  8  9 10 11 |
---------------+----------------------------------+-----
Fighting       | 4 5 6 7 8 9 10 | 10.8
Dodging        | 3 4 |  4.0
Axes           | 5 6 |  6.4
Long Blades    | 1 2 4 6 9 10 | 10.7
Armour         | 1 2 4 7 9 10 | 10.7
Invocations    | 1 3 5 7 8 9 |  9.7

Action                     |  1- 3 |  4- 6 |  7- 9 | 10-12 || total
---------------------------+-------+-------+-------+-------++-------
  Melee: Hand axe          |   113 |   115 |       |       ||   228
         Long sword        |       |     5 |   166 |   264 ||   435
 Invoke: Convert to Beogh  |     1 |       |       |       ||     1
         Smiting           |       |       |       |     3 ||     3
         Recall Orcish Fol |       |       |       |     3 ||     3
  Evoke: Wand              |       |       |       |     1 ||     1
    Use: Scroll            |       |     5 |       |     1 ||     6
         Potion            |       |       |       |     1 ||     1
   Stab: Distracted        |       |       |     1 |     2 ||     3
 Armour: Robe              |    21 |       |       |       ||    21
         Plate armour      |     5 |   102 |   108 |   224 ||   439
  Dodge: Dodged            |    68 |    48 |    45 |   138 ||   299

Table legend: (Time is in decaauts)
 A = Elapsed time spent in this place.
 B = Non-inter-level travel time spent in this place.
 C = Inter-level travel time spent in this place.
 D = Time resting spent in this place.
 E = Time spent auto-exploring this place.
 F = Levels seen in this place.
 G = Mean time per level.
                   A        B        C        D        E       F      G
               +--------+--------+--------+--------+--------+-----+--------+
         Total |  12655 |  11349 |   1306 |   2484 |   6972 |  13 |  973.5 |
       Dungeon |  12382 |  11076 |   1306 |   2272 |   6972 |  11 | 1125.6 |
  Orcish Mines |    272 |    272 |      0 |    212 |      0 |   2 |  136.0 |
               +--------+--------+--------+--------+--------+-----+--------+

Top non-repeatable levels by time:
     D:6: 1525 daAuts
     D:7: 1419 daAuts
     D:8: 1399 daAuts
     D:4: 1361 daAuts
    D:10: 1284 daAuts
    D:11: 1172 daAuts
     D:2: 1156 daAuts
     D:1: 938 daAuts
     D:9: 794 daAuts
     D:5: 680 daAuts
     D:3: 650 daAuts
   Orc:1: 271 daAuts
   Orc:2: 1 daAuts
